 Dungeon Crawl Stone Soup version 0.32-a0-131-g9dbbe29 (webtiles) character file.

Game seed: 9314307364801820933

67 danspanner the Conjurer (level 4, -3/27 HPs)
             Began as an Octopode Conjurer on Feb 8, 2024.
             Slain by a goblin
             ... wielding a +0 club
             ... led by Robin
              (4 damage)
             ... on level 2 of the Dungeon.
             The game lasted 00:05:39 (1849 turns).

danspanner the Conjurer (Octopode Conjurer)         Turns: 1849, Time: 00:05:39

Health: -3/27      AC:  1    Str:  6    XL:     4   Next: 16%
Magic:  0/7        EV: 14    Int: 22    God:
Gold:   41         SH:  0    Dex: 16    Spells: 3/8 levels left

rFire   . . .        e - +0 dagger
rCold   . . .        (no shield)
rNeg    . . .        (helmet restricted)
rPois   .            (no amulet)
rElec   .            c - +6 ring of dexterity
rCorr   .            (no ring)
SInv    .            (no ring)
Will    .....        (no ring)
Stlth   ++++         (no ring)
HPRegen 0.24/turn    (no ring)
MPRegen 0.10/turn    (no ring)
                     (no ring)

%: no passive effects
@: brilliant
A: almost no armour, amphibious, 8 rings, camouflage 1, gelatinous body 1,
(nimble swimmer 1), tentacles
a: no special abilities


You were on level 2 of the Dungeon.
You visited 1 branch of the dungeon, and saw 2 of its levels.

You collected 41 gold pieces.

Inventory:

Hand Weapons
 e - a +0 dagger (weapon)
Missiles
 h - 9 poisoned darts
Jewellery
 c - a +6 ring of dexterity (left tentacle)
Scrolls
 g - a scroll of poison
Potions
 a - 2 potions of magic
 b - a potion of curing
 d - a potion of lignification


   Skills:
 + Level 2.6 Dodging
 + Level 3.6 Stealth
 + Level 2.5 Spellcasting
 + Level 4.4 Conjurations
 + Level 0.3 Necromancy
 + Level 0.3 Air Magic
 + Level 0.3 Alchemy


You had 3 spell levels left.
You knew the following spells:

 Your Spells              Type           Power      Damage    Failure   Level
a - Magic Dart            Conj           100%       1d8       2%          1
b - Searing Ray           Conj           66%        2d6       3%          2
c - Cigotuvi's Dreadful   Necr/Alch/Air  12%        N/A       17%         2

Your spell library contained the following spells:

 Spells                   Type           Power      Damage    Failure   Level
 Fulminant Prism          Conj/Alch      9%         3d7       43%         4
 Iskenderun's Mystic Bla  Conj/Tloc      18%        2d6       45%         4
 Ignite Poison            Fire/Alch      5%         N/A       77%         4
 Freezing Cloud           Conj/Ice/Air   7%         6-21      88%         5


Dungeon Overview and Level Annotations

Branches:
Dungeon (2/15)

Altars:

Shops:
D:1 !

Annotations:
D:2 Robin


Innate Abilities, Weirdness & Mutations

You cannot wear most types of armour.
You are amphibious.
You can wear up to eight rings at the same time.
Your skin changes colour to match your surroundings (Stealth+).
Your rubbery body absorbs attacks. (AC +1, EV +1)
((You are camouflaged when in or above water. (Stealth+)))
You have tentacles for arms and can constrict up to eight enemies at once.


Message History

The goblin misses you.
You hit the goblin.
You kill the goblin!
A hobgoblin comes into view.
The goblin closely misses you. The goblin hits you with a +0 club.
* * * LOW HITPOINT WARNING * * *
Robin throws the goblin at you!
* * * LOW HITPOINT WARNING * * *
You see here a +0 dagger.
It was a potion of curing.
You feel better. The goblin hits you with a +0 dagger.
The goblin barely misses you.
Casting: Searing Ray (safe; 3% risk of failure)
Confirm with . or Enter, or press ? or * to list all spells.
Aiming: Searing Ray (safe; 3% risk of failure)
Press: ? - help, Shift-Dir - straight line, f - Robin
Aim: Robin, wielding a +0 club, wearing a +0 animal skin and wearing a +0 helmet (84% to hit)
The searing ray hits the goblin!
You kill the goblin!
The searing ray hits Robin.
Robin is moderately wounded.
The searing ray hits the goblin.
You kill the goblin! (Press . to maintain the ray.)
The goblin closely misses you.
The searing ray hits Robin.
Robin is heavily wounded.
Robin hits you with a +0 club.
* * * LOW HITPOINT WARNING * * *
The goblin hits you but does no damage.
Without enough magic to sustain it, your searing ray dissipates.
Robin barely misses you. The goblin hits you with a +0 club.
* * * LOW HITPOINT WARNING * * *
Robin barely misses you. The goblin barely misses you.
Casting: Searing Ray (safe; 3% risk of failure)
Confirm with . or Enter, or press ? or * to list all spells.
You don't have enough magic to cast this spell.
It was a potion of brilliance.
You feel clever all of a sudden. Robin closely misses you.
The goblin hits you with a +0 club.
You die...

... ..# #)#
#)# # #)#
#.##.#####..
.#...g.......
#..###g#####.$
#.# #@# #.#
#g# #.# #.#
#.# #.# ..
#.####.###.#
... ..
#..........#
....#.
######.#####
...#. #.#
#...... #.#
#.#..#.


You could see Robin, a hobgoblin (strong) and a goblin (strong).

Vanquished Creatures
  2 adders (D:2)
  A dart slug (D:1)
  3 endoplasms
  A giant cockroach (D:1)
  5 hobgoblins
  5 quokkas
  4 ball pythons
  2 bats
  2 frilled lizards
  9 goblins
  5 kobolds (D:1)
  5 rats
44 creatures vanquished.

Notes
Turn   | Place    | Note
-------+----------+-------------------------------------------
     0 | D:1      | danspanner the Octopode Conjurer began the quest for the
                  | Orb.
     0 | D:1      | Reached XP level 1. HP: 11/11 MP: 3/3
   394 | D:1      | Reached XP level 2. HP: 17/17 MP: 0/5
   400 | D:1      | Learned a level 2 spell: Searing Ray
  1168 | D:1      | Reached XP level 3. HP: 19/21 MP: 6/6
  1227 | D:1      | Found Huf Otos's Distillery.
  1641 | D:2      | Learned a level 2 spell: Cigotuvi's Dreadful Rot
  1768 | D:2      | Reached XP level 4. HP: 27/27 MP: 7/7
  1833 | D:2      | Noticed Robin
  1847 | D:2      | HP: 1/27 [goblin/+0 club[Robin] (6)]
  1849 | D:2      | Slain by a goblin

Illustrated notes

Levels and vault maps discovered:
D:1:      sevenhm_arrival_forest_fort_small_5, layout_loops_corners,
          serial_shops, shop, minivault_4
D:2:      layout_loops_ring, hellmonk_ecumenical_altar_inner_sanctum,
          basic_altar, dk_noncrumbling_4, minmay_misc_feat_hallway, uniq_robin

Skill      XL: |  1 |
---------------+----+-----
Stealth        | 3 |  3.6
Dodging        | |  2.6
Spellcasting   | |  2.5
Conjurations   | |  4.4
Necromancy     | |  0.3
Air Magic      | |  0.3
Alchemy        | |  0.3

Action                     |  1- 3 |  4- 6 || total
---------------------------+-------+-------++-------
  Melee: Tentacles         |     5 |       ||     5
         Unarmed           |     1 |       ||     1
         Dagger            |    36 |     5 ||    41
         Constrict         |     7 |     1 ||     8
         Punch             |     1 |       ||     1
   Cast: Magic Dart        |    24 |       ||    24
         Searing Ray       |     2 |     2 ||     4
    Use: Scroll            |     4 |       ||     4
         Potion            |       |     2 ||     2
   Stab: Sleeping          |    11 |     1 ||    12
 Armour: Skin              |    16 |    15 ||    31
  Dodge: Dodged            |    18 |    14 ||    32

Table legend: (Time is in decaauts)
 A = Elapsed time spent in this place.
 B = Non-inter-level travel time spent in this place.
 C = Inter-level travel time spent in this place.
 D = Time resting spent in this place.
 E = Time spent auto-exploring this place.
 F = Levels seen in this place.
 G = Mean time per level.
                   A        B        C        D        E       F      G
               +--------+--------+--------+--------+--------+-----+--------+
         Total |   1847 |   1812 |     35 |    135 |   1433 |   2 |  923.5 |
       Dungeon |   1847 |   1812 |     35 |    135 |   1433 |   2 |  923.5 |
               +--------+--------+--------+--------+--------+-----+--------+

Top non-repeatable levels by time:
     D:1: 1403 daAuts
     D:2: 444 daAuts
